 Dungeon Crawl Stone Soup version 0.29.1-2-gbd0b4ee654 (webtiles) character file.

Game seed: 9604401044927359831

335 xian the Shooter (level 6, -5/36 HPs)
             Began as a Tengu Hunter on Nov 10, 2022.
             Hit by a boomerang thrown by an orc warrior (18 damage)
             ... on level 4 of the Dungeon.
             The game lasted 00:04:49 (1884 turns).

xian the Shooter (Tengu Hunter)                     Turns: 1884, Time: 00:04:49

Health: -5/36      AC:  3    Str: 13    XL:     6   Next: 53%
Magic:  7/7        EV: 15    Int: 10    God:
Gold:   80         SH:  5    Dex: 17    Spells: 5/5 levels left

rFire   . . .      SeeInvis .   a - +0 shortbow
rCold   . . .      Faith    .   (shield currently unavailable)
rNeg    . . .      Spirit   .   c - +0 leather armour
rPois   .          Reflect  +   (helmet restricted)
rElec   .          Harm     .   (no cloak)
rCorr   .          Rampage  .   (no gloves)
Will    .....                   (boots unavailable)
Stlth   ++........              d - amulet of reflection
HPRegen 0.12/turn               e - ring of flight
MPRegen 0.10/turn               (no ring)

@: flying quickly and evasively, quick
A: beak, talons 3, nimble flight
a: no special abilities


You were on level 4 of the Dungeon.
You visited 1 branch of the dungeon, and saw 3 of its levels.
You also visited: Ossuary.

You collected 80 gold pieces.

Inventory:

Hand Weapons
 a - a +0 shortbow (weapon)
Armour
 c - a +0 leather armour (worn)
Jewellery
 d - an amulet of reflection (around neck)
 e - a ring of flight (left hand)
 r - a ring of ice
Wands
 t - a wand of mindburst (13)
Scrolls
 f - a scroll of vulnerability {unknown}
 g - 2 scrolls of identify {unknown}
 i - 2 scrolls of fear {unknown}
 j - a scroll of teleportation {unknown}
 l - 2 scrolls of magic mapping {unknown}
 m - a scroll of immolation
 o - 2 scrolls of enchant armour {unknown}
 s - a scroll of silence {unknown}
Potions
 b - a potion of mutation {unknown}
 h - 5 potions of heal wounds
 k - a potion of resistance {unknown}
 n - 2 potions of lignification {unknown}
 p - a potion of cancellation {unknown}
 q - 2 potions of degeneration {unknown}


   Skills:
 + Level 2.9 Fighting
 + Level 7.1 Ranged Weapons
 + Level 2.1 Armour
 + Level 2.9 Dodging
 + Level 1.0 Stealth
 + Level 1.1 Shields


You had 5 spell levels left.
You didn't know any spells.
Your spell library contained the following spells:

 Spells                   Type           Power      Damage    Failure   Level
 Apportation              Tloc           0%         N/A       43%         1
 Necrotise                Necr           0%         1d4       43%         1
 Summon Small Mammal      Summ           0%         N/A       43%         1
 Portal Projectile        Hex/Tloc       0%         N/A       82%         3
 Tukima's Dance           Hex            0%         N/A       82%         3
 Blade Hands              Tmut           0%         N/A       100%        5


Dungeon Overview and Level Annotations

Branches:
Dungeon (4/15)            Ossuary (visited)
 Temple: D:4-7

Altars:


Innate Abilities, Weirdness & Mutations

You have a beak for a mouth.
You have claws for feet.
Your magical nature lets you fly swiftly and evasively.


Message History

a +0 dagger; a kobold corpse You pick up a book of Weapons and begin reading...
You add the spells Tukima's Dance, Portal Projectile and Blade Hands to your library.
s - a scroll labelled ERAUS EWOERASAZERU
t - a wand of mindburst (13)
You reach down and open the door.
There is an open door here.
A goblin comes into view. It is wielding a +0 dagger.
You shoot an arrow. The arrow hits the goblin!
You kill the goblin!
You hear a shout! x3
An orc warrior comes into view. It is wielding a +0 flail.
You hear a shout! x3
You shoot an arrow.
The arrow hits the orc warrior but does no damage.
You shoot an arrow. The arrow hits the orc warrior.
The orc warrior is lightly wounded.
You shoot an arrow. The arrow hits the orc warrior.
The orc warrior is lightly wounded.
The orc warrior hits you with a +0 flail!
You shoot an arrow.
The arrow hits the orc warrior but does no damage.
The orc warrior is lightly wounded.
You block the orc warrior's attack.
You shoot an arrow.
The arrow hits the orc warrior but does no damage.
The orc warrior is lightly wounded.
An orc priest comes into view. It is wielding a +0 hand axe.
You block the orc warrior's attack.
An orc wizard comes into view. It is wielding a +0 dagger.
The orc warrior closely misses you.
The orc warrior throws a boomerang.
The boomerang hits you!
There is an open door here.
The orc wizard gestures wildly while chanting.
The orc wizard flickers and vanishes!
Deactivating autopickup; reactivate with Ctrl-A.
The orc priest begins to cast a cantrip, but forgets the words!
The orc warrior throws a boomerang.
The boomerang hits you!!
Ouch! That really hurt!
You die...

#..............##.. .
#.......#########÷#
.##...)...#########.#
..''...............>.#
..##.......########.†.
#.......##### #..#
##................#
#......#########.##
#.@....# #.##
####......# #+##
).#########.........#
#
........o.'o........#
.
#...#######.........#
# #.........#
####......# ########


You could see an orc warrior.

Vanquished Creatures
  A wraith (Ossuary)
  A black bear (D:4)
  A mummy (Ossuary)
  3 adders
  2 dart slugs (D:1)
  3 bats
  4 endoplasms
  A giant cockroach (D:4)
  6 hobgoblins
  4 quokkas (D:1)
  5 ball pythons
  7 frilled lizards
  5 gnoll skeletons (Ossuary)
  5 goblins
  5 kobolds
  5 kobold skeletons (Ossuary)
  15 orc skeletons (Ossuary)
  3 rats
76 creatures vanquished.

Notes
Turn   | Place    | Note
-------+----------+-------------------------------------------
     0 | D:1      | xian the Tengu Hunter began the quest for the Orb.
     0 | D:1      | Reached XP level 1. HP: 12/12 MP: 2/2
    73 | D:1      | Reached XP level 2. HP: 17/17 MP: 3/3
   301 | D:1      | Reached skill level 5 in Ranged Weapons
   494 | D:1      | Reached XP level 3. HP: 21/21 MP: 4/4
  1168 | D:2      | You are sucked into a shaft and drop 2 floors!
  1170 | D:4      | Noticed a black bear
  1174 | D:4      | Killed a black bear
  1175 | D:4      | Reached skill level 6 in Ranged Weapons
  1175 | D:4      | Reached skill level 1 in Armour
  1175 | D:4      | Reached XP level 4. HP: 27/27 MP: 5/5
  1175 | D:4      | Gained mutation: Your magical nature lets you fly swiftly
                  | and evasively. [Tengu growth]
  1175 | D:4      | Reached XP level 5. HP: 31/31 MP: 6/6
  1184 | D:4      | Found a sand-covered staircase.
  1225 | Ossuary  | Entered an ossuary
  1225 | Ossuary  | Noticed a wraith
  1225 | Ossuary  | Noticed a wraith
  1225 | Ossuary  | Noticed a wraith
  1449 | Ossuary  | Noticed a wraith
  1472 | Ossuary  | HP: 1/31 [wraith (9)]
  1484 | Ossuary  | Killed a wraith
  1485 | Ossuary  | Reached skill level 7 in Ranged Weapons
  1485 | Ossuary  | Reached skill level 1 in Shields
  1485 | Ossuary  | Reached XP level 6. HP: 11/36 MP: 7/7
  1871 | D:4      | Noticed an orc warrior
  1884 | D:4      | Hit by a boomerang thrown by an orc warrior

Illustrated notes

Levels and vault maps discovered:
D:1:      amcnicky_arrival_single_pillar, layout_basic
D:2:      minmay_chambers_of_twos, layout_basic, kennysheep_generic_room_9
D:4:      layout_basic, nicolae_ossuary_entry_ruins

Skill      XL: |  1  2  3  4  5 |
---------------+----------------+-----
Ranged Weapons | 5 6 7 |  7.1
Armour         | 1 2 |  2.1
Shields        | 1 |  1.1
Fighting       | |  2.9
Dodging        | |  2.9
Stealth        | |  1.0

Action                   |  1- 3 |  4- 6 || total
-------------------------+-------+-------++-------
 Fire: Shortbow          |   119 |    96 ||   215
  Use: Scroll            |     1 |       ||     1
       Potion            |       |     3 ||     3
Armor: Leather armour    |    17 |     7 ||    24
Dodge: Dodged            |    48 |    29 ||    77
Block: Other             |    20 |    13 ||    33
